 Dungeon Crawl Stone Soup version 0.29-a0-559-g359e09b9d1 (console) character file.

Game seed: 16037165512338159046

53296 om the Impaler (level 14, -6/95 HPs)
             Began as a Merfolk Gladiator on June 9, 2022.
             Was the Champion of Nemelex Xobeh.
             Mangled by an azure jelly (9 damage)
             ... while petrified by a catoblepas
             ... on level 4 of the Lair of Beasts.
             The game lasted 01:33:46 (30271 turns).

om the Impaler (Merfolk Gladiator)                 Turns: 30271, Time: 01:33:47

Health: -6/95      AC: 19    Str: 24    XL:     14   Next: 67%
Magic:  0/23       EV:  2    Int:  7    God:    Nemelex Xobeh [******]
Gold:   1098       SH:  0    Dex: 19    Spells: 13/13 levels left

rFire   + . .      SeeInvis .   a - +1 trident
rCold   + . .      Faith    .   A - +2 kite shield
rNeg    + + +      Spirit   +   D - +1 ring mail "Xiphep" {Str+4}
rPois   ∞          Reflect  .   x - +1 helmet "Cogiwn" {rC+}
rElec   .          Harm     .   R - +0 cloak {rF+}
rCorr   .          Rampage  .   j - +2 pair of gloves "Negejuid" {Str+4 Stlth+}
Will    +....                   I - +0 pair of boots
Stlth   ++........              k - amulet of guardian spirit
HPRegen 0.25/turn               s - ring of poison resistance
MPRegen 0.18/turn               C - +4 ring of protection

@: petrified
A: (nimble swimmer 2), mertail
a: Renounce Religion, Draw Escape, Draw Destruction, Draw Summoning, Triple
Draw, Deal Four, Stack Five


You were on level 4 of the Lair of Beasts.
You worshipped Nemelex Xobeh.
Nemelex Xobeh was exalted by your worship.
You visited 2 branches of the dungeon, and saw 18 of its levels.
You also visited: Bailey, Gauntlet and Volcano.

You collected 1366 gold pieces.
You spent 268 gold pieces at shops.

Inventory:

Hand Weapons
 a - a +1 trident (weapon)
 b - the +7 hunting sling "Embalmer" {vorpal, Str+7}
   (You found it on level 4 of the Lair of Beasts)

   Any ammunition fired from it inflicts extra damage upon your enemies.
   Str:       It affects your strength (+7).
 O - the +3 Elemental Staff {rElec rF++ rC++ AC+5}
   (You took it off a deep elf pyromancer on level 8 of the Dungeon)

   If the wielder is skilled in Evocations, they can discharge powerful blasts
   of elemental energy when striking with it.
   It enhances your fire, ice, earth and air magic.
   AC:        It affects your AC (+5).
   rF:        It greatly protects you from fire.
   rC:        It greatly protects you from cold.
   rElec:     It insulates you from electricity.
Missiles
 e - 28 javelins (quivered)
Armour
 j - the +2 pair of gloves "Negejuid" (worn) {Str+4 Stlth+}
   (You acquired it on level 4 of the Dungeon)

   Str:       It affects your strength (+4).
   Stlth:     It makes you more stealthy.
 x - the +1 helmet "Cogiwn" (worn) {rC+}
   (You found it on level 5 of the Dungeon)

   rC:        It protects you from cold.
 A - a +2 kite shield (worn)
 D - the +1 ring mail "Xiphep" (worn) {Str+4}
   (You bought it in a shop on level 6 of the Dungeon)

   Str:       It affects your strength (+4).
 I - a +0 pair of boots (worn)
 R - a +0 cloak of fire resistance (worn)
Jewellery
 k - an amulet of guardian spirit (around neck)
 q - an amulet of regeneration
 s - a ring of poison resistance (left hand)
 C - a +4 ring of protection (right hand)
 L - the amulet of Nyzinasy {Acrobat Str-4 Int+5 SInv}
   (You took it off a minotaur in a Gauntlet)

   [amulet of the acrobat]

   It increases your evasion while moving and waiting.
   Str:       It affects your strength (-4).
   Int:       It affects your intelligence (+5).
   SInv:      It lets you see invisible.
 N - a ring of protection from cold
 W - a ring of positive energy
 Y - a ring of ice
Wands
 d - a wand of mindburst (6)
 B - a wand of polymorph (8)
 E - a wand of acid (2)
 H - a wand of flame (34)
 T - a wand of paralysis (5)
 U - a wand of charming (7)
 V - a wand of iceblast (11)
Scrolls
 g - 4 scrolls of teleportation
 h - 3 scrolls of magic mapping
 i - 3 scrolls of poison
 l - 4 scrolls of fog
 m - 2 scrolls of summoning
 n - 2 scrolls of enchant weapon
 p - 7 scrolls of identify
 r - a scroll of amnesia
 y - 2 scrolls of immolation
 z - 4 scrolls of vulnerability
 F - 4 scrolls of enchant armour
 K - 2 scrolls of blinking
 P - a scroll of fear
 S - 2 scrolls of brand weapon
Potions
 c - a potion of berserk rage
 f - 2 potions of flight
 o - 6 potions of curing
 t - 3 potions of might
 u - 4 potions of invisibility
 v - 4 potions of haste
 w - 3 potions of heal wounds
 G - 3 potions of brilliance
 J - 4 potions of cancellation
 Q - 4 potions of ambrosia
 Z - a potion of experience
Miscellaneous
 M - a piece from Xom's chessboard (14/15)
 X - a condenser vane (inert)


   Skills:
 - Level 4.0 Fighting
 - Level 15.0 Polearms
 - Level 9.9(10.0) Slings
 - Level 2.0(7.7) Throwing
 - Level 7.0 Armour
 - Level 12.0 Dodging
 + Level 9.2 Shields
 - Level 12.0 Invocations
 - Level 5.0 Evocations


You had 13 spell levels left.
You didn't know any spells.
Your spell library contained the following spells:

 Spells                   Type           Power      Damage    Failure   Level
 Apportation              Tloc           0%         N/A       85%         1
 Necrotize                Necr           0%         1d4       85%         1
 Summon Small Mammal      Summ           0%         N/A       85%         1
 Conjure Flame            Conj/Fire      0%         6-21      99%         3
 Dazzling Flash           Conj/Hex       0%         N/A       99%         3
 Ignite Poison            Fire/Tmut/Pois 0%         N/A       99%         3
 Mephitic Cloud           Conj/Pois/Air  0%         N/A       99%         3
 Summon Guardian Golem    Hex/Summ       0%         N/A       99%         3
 Anguish                  Hex/Necr       0%         N/A       100%        4
 Animate Armour           Summ/Erth      0%         N/A       100%        4
 Sticky Flame             Conj/Fire      0%         2d3       100%        4
 Summon Ice Beast         Ice/Summ       0%         N/A       100%        4
 Agony                    Necr           0%         N/A       100%        5
 Blade Hands              Tmut           0%         N/A       100%        5
 Fireball                 Conj/Fire      0%         3d3       100%        5
 Freezing Cloud           Conj/Ice/Air   0%         6-21      100%        5
 Iskenderun's Battlesphe  Conj           0%         2d6       100%        5
 Silence                  Hex/Air        0%         N/A       100%        5
 Summon Mana Viper        Hex/Summ       0%         N/A       100%        5
 Conjure Ball Lightning   Conj/Air       0%         3x3d6     100%        6
 Iron Shot                Conj/Erth      0%         9d1       100%        6
 Enfeeble                 Hex            0%         N/A       100%        7
 Monstrous Menagerie      Summ           0%         N/A       100%        7
 Orb of Destruction       Conj           0%         9d5       100%        7
 Spellforged Servitor     Conj/Summ      0%         N/A       100%        7


Dungeon Overview and Level Annotations

Branches:
Dungeon (12/15)            Temple (0/1) D:4            Lair (6/6) D:8
 Shoals (0/4) Lair:3        Snake (0/4) Lair:3          Orc (0/2) D:11
 Bailey (visited)         Volcano (visited)         Gauntlet (visited)
  Slime: Lair:5-6

Altars:
Cheibriados
Nemelex Xobeh
Trog

Shops:
D:6 [   D:7 =   D:10 [

Annotations:
D:7 2 transporters, turdburglar's ghost, novice MiFi


Innate Abilities, Weirdness & Mutations

((You are very nimble when in or above water. (Stealth+, EV+, Speed+++)))
Your lower body shifts to a powerful aquatic tail in water.


Message History

The azure jelly hits you. The azure jelly freezes you! You resist.
The azure jelly hits you but does no damage. x3
The human is engulfed in calcifying dust.
The human is moving more slowly.
You climb upwards.
You have turned to stone.
The azure jelly barely misses you.
The azure jelly hits you but does no damage. x2
The azure jelly hits you.
The azure jelly hits you but does no damage.
The azure jelly hits you. The azure jelly freezes you!! You resist.
* * * LOW HITPOINT WARNING * * *
The azure jelly hits you.
The azure jelly hits you but does no damage.
The azure jelly hits you but does no damage. x3
The azure jelly hits you!
* * * LOW HITPOINT WARNING * * *
The azure jelly hits you but does no damage.
The azure jelly hits you!
* * * LOW HITPOINT WARNING * * *
The azure jelly freezes you! You resist.
* * * LOW HITPOINT WARNING * * *
The azure jelly hits you but does no damage. x2
The azure jelly hits you but does no damage. x4
The azure jelly completely misses you.
The azure jelly hits you but does no damage. x3
The azure jelly hits you but does no damage. x2
The azure jelly hits you!
* * * LOW HITPOINT WARNING * * *
The azure jelly hits you!
* * * LOW HITPOINT WARNING * * *
The azure jelly hits you but does no damage. x3
The azure jelly completely misses you. The azure jelly hits you!
* * * LOW HITPOINT WARNING * * *
The azure jelly freezes you! You resist.
* * * LOW HITPOINT WARNING * * *
The azure jelly hits you but does no damage. x4
The azure jelly hits you. The azure jelly freezes you!! You resist.
You die...
Your body glows with a rainbow of weird colours and disappears.

#..# ##..#
#..P##...÷#.#.#.#. #.##
#P†#####..###.###........
..##### ##.##.#...###.#
##÷#.#.#.
#.....###..#...#..#.#.#
#.##....#
..###..###............#
#........ ...#...#
##..##..#.#### #.####.#.
#.##≈.§##
#####P.####.##### ##.#
.##≈≈.§§## #...J.......#
### ##≈≈≈.≈≈≈#
#..@.####...#
##≈≈.§§######.#.## ###.#
##≈.≈####....#.# ##.#
##.##.........# #P.#
##.##.......P## #..## ##
##.###......### #...# ##.
##.## #......# ##..# #..
#...###.._...# #..#####.#
###.##.#......#
#.##P.##..


You could see an azure jelly.

Vanquished Creatures
  Kirke (Lair:5)
  2 minotaurs
  A bunyip (Volcano)
  4 hydras
  2 two-headed ogres
  4 death yaks
  A skeletal warrior (D:11)
  A fire crab (Lair:5)
  Amaemon (Lair:1)
  A lindwurm (Lair:4)
  A deep elf pyromancer (D:8)
  4 elephants
  A cyclops (D:11)
  5 black mambas
  2 molten gargoyles (Volcano)
  An orange demon (Lair:2)
  6 gargoyles
  12 cane toads
  3 rime drakes
  4 komodo dragons
  An efreet (Volcano)
  2 hornets
  A troll (D:9)
  A queen bee (D:9)
  A snapping turtle (D:11)
  9 slime creatures
  A raiju (shapeshifter) (Gauntlet)
  8 blink frogs
  A jumping spider (shapeshifter) (Gauntlet)
  A culicivora (shapeshifter) (Gauntlet)
  A centaur simulacrum (Gauntlet)
  A vampire (D:11)
  4 wraiths (D:11)
  2 fire bats (Volcano)
  4 shadows
  4 wyverns
  2 hogs
  2 basilisks (Lair:4)
  4 fire elementals
  2 humans
  71 yaks
  3 steam dragons
  3 vampire mosquitoes (D:10)
  Menkaure (D:7)
  9 water moccasins
  10 orc warriors (Bailey)
  3 ice beasts
  2 black bears
  An ogre (D:6)
  20 wolves
  10 centaurs
  2 lemures (D:6)
  A phantom (D:6)
  A kobold brigand (D:9)
  13 bullfrogs
  3 necrophages
  A gnoll sergeant (D:7)
  4 scorpions
  5 wights (D:8)
  The ghost of DocClef the Covert, a weakling GnDe (D:5)
  27 killer bees
  2 electric eels
  A jelly (D:6)
  10 lava snakes (Volcano)
  A gnoll shaman (D:7)
  11 hounds
  5 iguanas
  4 orc wizards
  Robin (D:2)
  26 gnolls
  6 adders
  A river rat (D:8)
  A shadow imp (D:6)
  A white imp (D:6)
  An ufetubus (D:7)
  3 worms
  The ghost of DocClef the Covert, a weakling GnDe (D:5)
  A dart slug (D:1)
  56 orcs
  9 ball pythons
  8 endoplasms
  19 goblins
  7 hobgoblins
  4 jackals
  8 kobolds
  4 quokkas
  4 bats
  3 frilled lizards
  6 rats
504 creatures vanquished.

Vanquished Creatures (collateral kills)
  An ice dragon (D:8)
  2 death yaks (D:8)
  A wolf spider simulacrum (Gauntlet)
  A hydra simulacrum (Gauntlet)
  2 killer bees (D:9)
  A hell rat (D:8)
  A river rat (D:8)
  4 goblins (D:8)
  A kobold (D:9)
14 creatures vanquished.

Vanquished Creatures (others)
  23 demonic plants (Gauntlet)
  43 fungi
  58 plants
124 creatures vanquished.

Grand Total: 642 creatures vanquished

Notes
Turn   | Place    | Note
-------+----------+-------------------------------------------
     0 | D:1      | om the Merfolk Gladiator began the quest for the Orb.
     0 | D:1      | Reached XP level 1. HP: 16/16 MP: 1/1
   103 | D:1      | Reached XP level 2. HP: 16/22 MP: 2/2
   862 | D:2      | Reached XP level 3. HP: 24/28 MP: 3/3
   950 | D:2      | Reached skill level 1 in Armour
  1183 | D:2      | Reached XP level 4. HP: 28/34 MP: 4/4
  1489 | D:2      | Found a faded altar of an unknown god.
  1495 | D:2      | Reached skill level 5 in Polearms
  1496 | D:2      | Prayed at the altar of an unknown god.
  1496 | D:2      | Became a worshipper of Nemelex Xobeh the Trickster
  1496 | D:2      | Reached * piety under Nemelex Xobeh
  1552 | D:2      | Noticed Robin
  2451 | D:2      | Received a gift from Nemelex Xobeh
  2579 | D:2      | Killed Robin
  3096 | D:2      | Reached XP level 5. HP: 40/40 MP: 5/5
  3571 | D:3      | Found a bloodstained altar of Trog.
  4173 | D:3      | Reached skill level 1 in Invocations
  4299 | D:4      | Identified a scroll of acquirement
  4299 | D:4      | Acquired the +2 pair of gloves "Negejuid" {Str+4 Stlth+}
  4333 | D:4      | Found a staircase to the Ecumenical Temple.
  4486 | D:4      | Reached skill level 5 in Dodging
  4486 | D:4      | Reached XP level 6. HP: 25/47 MP: 7/7
  4487 | D:4      | Reached skill level 1 in Slings
  4543 | D:4      | Noticed an ice beast
  4548 | D:4      | HP: 1/47 [ice beast (10)]
  4558 | D:4      | Killed an ice beast
  4726 | D:4      | Reached ** piety under Nemelex Xobeh
  4729 | D:4      | Received a gift from Nemelex Xobeh
  5260 | D:5      | Entered Level 5 of the Dungeon
  5265 | D:5      | Reached skill level 6 in Polearms
  5576 | D:5      | Found a runed translucent gate.
  5576 | D:5      | Found a runed translucent gate.
  5576 | D:5      | Found a runed translucent gate.
  5577 | D:5      | Noticed DocClef's ghost (weakling GnDe)
  5589 | D:5      | Identified the +1 helmet "Cogiwn" {rC+}
  5661 | D:5      | Noticed an ice beast
  5688 | D:5      | Killed an ice beast
  5689 | D:5      | Reached XP level 7. HP: 21/52 MP: 5/8
  6098 | D:5      | Noticed DocClef's ghost (weakling GnDe)
  6518 | D:5      | Killed DocClef's ghost
  6535 | D:5      | Killed DocClef's ghost
  6713 | D:6      | Reached *** piety under Nemelex Xobeh
  6781 | D:6      | Reached XP level 8. HP: 48/60 MP: 7/10
  6793 | D:6      | Reached skill level 7 in Polearms
  6877 | D:6      | Received a gift from Nemelex Xobeh
  6952 | D:6      | Noticed a yak
  6953 | D:6      | Noticed a yak
  6954 | D:6      | Noticed a yak
  6968 | D:6      | Noticed a yak
  6968 | D:6      | Noticed a yak
  6994 | D:5      | Killed a yak
  7238 | D:6      | Killed a yak
  7245 | D:6      | Killed a yak
  7249 | D:6      | Killed a yak
  7250 | D:6      | Reached skill level 8 in Polearms
  7250 | D:6      | Reached XP level 9. HP: 49/65 MP: 8/12
  7265 | D:6      | Reached skill level 5 in Invocations
  7587 | D:6      | Found Jefita's Armour Shoppe.
  7590 | D:6      | Bought the +1 ring mail "Xiphep" {Str+4} for 268 gold
                  | pieces
  8147 | D:7      | Noticed Pikel
  8207 | D:6      | Noticed Pikel
  8207 | D:6      | Pikel changed into Pikel the human
  8217 | D:6      | Killed Pikel the human
  8254 | D:7      | Reached skill level 1 in Shields
  8352 | D:7      | Found Ychaasch's Jewellery Emporium.
  8370 | D:7      | Noticed turdburglar's ghost (novice MiFi)
  8370 | D:7      | Noticed a kobold demonologist
  8379 | D:7      | Noticed a hornet
  8395 | D:7      | Found a transporter.
  8403 | D:7      | Received a gift from Nemelex Xobeh
  8412 | D:7      | Noticed Menkaure
  8422 | D:7      | Killed Menkaure
  8866 | D:7      | Reached skill level 9 in Polearms
  8974 | D:7      | Found a transporter.
  9213 | D:7      | Reached **** piety under Nemelex Xobeh
  9433 | D:8      | Noticed a death yak
  9433 | D:8      | Found a staircase to the Lair.
  9436 | D:8      | Noticed a death yak
  9437 | D:8      | Noticed a death yak
  9454 | D:7      | Killed a death yak
  9455 | D:7      | Reached skill level 1 in Evocations
  9455 | D:7      | Reached XP level 10. HP: 44/71 MP: 9/14
  9591 | D:8      | Killed a death yak
  9592 | D:8      | Reached skill level 5 in Slings
  9592 | D:8      | Reached skill level 5 in Armour
  9594 | D:8      | Killed a death yak
  9595 | D:8      | Reached skill level 10 in Polearms
  9603 | D:8      | Received a gift from Nemelex Xobeh
  9605 | D:8      | Found a flagged portal.
  9634 | Bailey   | Entered a bailey
 10924 | Bailey   | Reached skill level 5 in Shields
 11085 | Bailey   | Reached XP level 11. HP: 61/77 MP: 12/15
 11326 | D:8      | Reached skill level 11 in Polearms
 11453 | D:8      | Noticed a deep elf pyromancer
 11469 | D:8      | Killed a deep elf pyromancer
 11861 | D:8      | Received a gift from Nemelex Xobeh
 11888 | D:8      | Noticed a boulder beetle
 11900 | D:8      | Noticed an ice dragon
 11900 | D:8      | a boulder beetle changed into an ice dragon
 11909 | D:8      | Killed an ice dragon
 12457 | D:8      | Paralysed by a hornet for 1 turns
 12460 | D:8      | Paralysed by a hornet for 2 turns
 13024 | D:9      | Reached ***** piety under Nemelex Xobeh
 13088 | D:9      | Received a gift from Nemelex Xobeh
 13185 | D:9      | Reached skill level 12 in Polearms
 14308 | D:9      | Reached skill level 13 in Polearms
 14329 | D:9      | Identified the +5 ring mail of the Land of Plenty {rC-
                  | rCorr Int+7 Dex+3}
 14554 | D:10     | Entered Level 10 of the Dungeon
 14569 | D:10     | Noticed a two-headed ogre
 14593 | D:10     | Killed a two-headed ogre
 14594 | D:10     | Reached skill level 10 in Dodging
 14594 | D:10     | Reached skill level 5 in Evocations
 14594 | D:10     | Reached XP level 12. HP: 61/83 MP: 12/16
 14774 | D:10     | Received a gift from Nemelex Xobeh
 14788 | D:10     | Found Li Erlang's Dragon-Slaying Spoils.
 15419 | D:10     | Received a gift from Nemelex Xobeh
 15441 | D:10     | Noticed a two-headed ogre
 15819 | D:11     | Noticed a boulder beetle
 15840 | D:11     | a boulder beetle changed into a snapping turtle
 16407 | D:11     | Received a gift from Nemelex Xobeh
 17120 | D:11     | Reached skill level 14 in Polearms
 17544 | D:11     | Found a staircase to the Orcish Mines.
 17798 | D:12     | Noticed an eight-headed hydra
 17812 | D:12     | Killed an eight-headed hydra
 18099 | D:12     | Noticed a two-headed ogre
 18291 | D:11     | Killed a two-headed ogre
 18694 | Lair:1   | Entered Level 1 of the Lair of Beasts
 18719 | Lair:1   | Found a gate leading to a gauntlet.
 18723 | Lair:1   | Received a gift from Nemelex Xobeh
 18728 | Gauntlet | Entered a Gauntlet
 18728 | Gauntlet | Found a transporter.
 18728 | Gauntlet | Found a transporter.
 18728 | Gauntlet | Found a transporter.
 18741 | Gauntlet | Found a transporter.
 18746 | Gauntlet | Found a transporter.
 18749 | Gauntlet | Found a transporter.
 18752 | Gauntlet | Found a transporter.
 18754 | Gauntlet | Noticed a catoblepas
 18756 | Gauntlet | Found a runed translucent door.
 18756 | Gauntlet | Found a runed translucent door.
 18760 | Gauntlet | Found a transporter.
 18777 | Gauntlet | Noticed a ghost crab
 18778 | Gauntlet | Found a transporter.
 18799 | Gauntlet | Found a transporter.
 18800 | Gauntlet | Found a transporter.
 18808 | Gauntlet | Noticed a catoblepas
 18810 | Gauntlet | Found a transporter.
 18943 | Gauntlet | Noticed an alligator
 18943 | Gauntlet | a slime creature changed into an alligator
 18949 | Gauntlet | an alligator changed into an eye of devastation
 19103 | Gauntlet | Reached XP level 13. HP: 52/88 MP: 12/19
 19585 | Gauntlet | Identified the +5 short sword of the People {drain, rF+ rC+
                  | Dex+2}
 19809 | Gauntlet | Identified the +1 helmet of the Unbroken {rF- rCorr Str+2
                  | Dex+4}
 19859 | Gauntlet | Identified the amulet of Nyzinasy {Acrobat Str-4 Int+5
                  | SInv}
 19859 | Gauntlet | Noticed a minotaur
 19876 | Gauntlet | Killed a minotaur
 20353 | Lair:1   | Received a gift from Nemelex Xobeh
 20424 | Lair:1   | Reached ****** piety under Nemelex Xobeh
 21537 | Lair:2   | Received a gift from Nemelex Xobeh
 22220 | Lair:2   | Noticed Amaemon
 22238 | Lair:1   | Killed Amaemon
 22336 | Lair:2   | Received a gift from Nemelex Xobeh
 22669 | Lair:3   | Found a staircase to the Shoals.
 23156 | Lair:3   | Found a staircase to the Snake Pit.
 23234 | Lair:3   | Received a gift from Nemelex Xobeh
 23841 | Lair:4   | Reached skill level 10 in Invocations
 23847 | Lair:4   | Reached skill level 15 in Polearms
 23886 | Lair:4   | Found a dark tunnel.
 23891 | Volcano  | Entered a volcano
 24546 | Volcano  | Found a bloodstained altar of Trog.
 24563 | Volcano  | Reached XP level 14. HP: 91/95 MP: 19/21
 24627 | Volcano  | Noticed a stone giant
 24629 | Volcano  | Noticed a fenstrider witch
 24629 | Volcano  | a stone giant changed into a fenstrider witch
 24630 | Volcano  | a fenstrider witch changed into a bunyip
 25526 | Lair:4   | Found a snail-covered altar of Cheibriados.
 25594 | Lair:4   | Identified the +7 hunting sling "Embalmer" {vorpal, Str+7}
 25667 | Lair:4   | Received a gift from Nemelex Xobeh
 27062 | Lair:5   | Noticed Kirke
 27712 | Lair:5   | Received a gift from Nemelex Xobeh
 29358 | Lair:5   | Killed Kirke
 29841 | Lair:6   | Entered Level 6 of the Lair of Beasts
 29859 | Lair:5   | Noticed an azure jelly
 29859 | Lair:5   | a death yak changed into an azure jelly
 30271 | Lair:4   | HP: 3/95 [azure jelly (5)]
 30271 | Lair:4   | Mangled by an azure jelly

Illustrated notes

Levels and vault maps discovered:
D:1:      roderic_crossed_star, layout_basic
D:2:      layout_basic, shapermc_ecumenical_altar_mp_urbaneastern, uniq_robin
D:3:      layout_loops_ring, lightli_temple_of_fire
D:4:      layout_basic, minmay_temple_entry_grid
D:5:      layout_gridville, gammafunk_ghost_cemetery
D:6:      layout_loops_corners, serial_shops, nicolae_shop_statue_plus,
          minmay_fractal_squares_diagonal_5
D:7:      layout_cave_pools, nzn_ghost_randoct, serial_gnoll_camp,
          gnoll_camp_mini_loothouse, gnoll_camp_mini_hut, gnoll_camp_medium_01,
          gnoll_camp_mini_shop, gnoll_camp_mini_doghouse, uniq_menkaure,
          uniq_pikel
D:8:      layout_cave_pools, dpeg_lair_monsters, enter_bailey_5,
          minmay_misc_feat_nine_boxes, dilly_guarded_unrand_elemental_staff
D:9:      layout_roguey, serial_curves, eino_curves_04, eino_curves_02,
          special_room [special_room_bee], interstate_on_off
D:10:     layout_long_grid, nicolae_shop_dragon_depot, nicolae_fountain_basement
D:11:     layout_loops_corners, orc_0_dummy, kennysheep_doodads
D:12:     layout_rooms, uniq_snorg
Lair:1:   layout_cave_shapes, gauntlet_entry_generic, grunt_megastairs_4
Lair:2:   layout_cellular_growth, serial_bayou, serial_bayou_pond_b,
          serial_bayou_shore_b, serial_bayou_lagoon_a, serial_bayou_crossing,
          lemuel_fruit_tree, uniq_amaemon
Lair:3:   layout_cave_pods, shoals_dummy_entry, dummy_snake_entry
Lair:4:   layout_loops_ring, enter_volcano_4, basic_altar, st_stairs_10
Lair:5:   layout_misc_corridors, serial_bayou_pond_d, infiniplex_staircase_pool,
          grunt_megastairs_1, uniq_kirke
Lair:6:   hangedman_lair_in_review, layout_loops_ring,
          minmay_slime_entry_oklob_open, minivault_11, minivault_23,
          infiniplex_staircase_pool_2, serial_bayou_shore_a

Skill      XL: |  1  2  3  4  5  6  7  8  9 10 11 12 13 14 |
---------------+-------------------------------------------+-----
Armour         | 1 2 3 4 5 6 7 |  7.0
Polearms       | 5 6 8 9 10 13 14 15 | 15.0
Fighting       | 3 4 |  4.0
Invocations    | 1 2 3 4 6 8 10 12 | 12.0
Dodging        | 5 6 7 8 10 11 12 | 12.0
Slings         | 1 2 3 4 5 6 8 9 |  9.9
Shields        | 3 5 6 7 9 |  9.2
Evocations     | 1 2 5 |  5.0
Throwing       | |  2.0

Action                   |  1- 3 |  4- 6 |  7- 9 | 10-12 | 13-15 || total
-------------------------+-------+-------+-------+-------+-------++-------
Melee: Trident           |    73 |   186 |   311 |  1067 |  1202 ||  2839
       Punch             |     1 |       |       |       |       ||     1
       Tailslap          |       |       |       |     7 |    24 ||    31
       Staff             |       |       |       |     5 |   148 ||   153
 Fire: Hunting sling     |       |    58 |   145 |   165 |     9 ||   377
Throw: Throwing net      |       |     5 |     1 |       |     3 ||     9
       Javelin           |       |       |       |    23 |     9 ||    32
Invok: Draw Destruction  |       |     4 |    19 |    34 |    23 ||    80
       Draw Summoning    |       |     1 |       |     3 |     1 ||     5
       Draw Escape       |       |       |       |     1 |     4 ||     5
       Triple Draw       |       |       |       |       |     2 ||     2
Evoke: Wand              |       |       |       |       |    11 ||    11
       Piece from Xom's  |       |       |       |       |     1 ||     1
       Condenser vane    |       |       |       |       |     1 ||     1
  Use: Scroll            |       |    13 |     6 |     6 |     6 ||    31
       Potion            |       |     3 |     1 |     2 |     5 ||    11
 Stab: Sleeping          |     2 |     2 |       |     1 |     2 ||     7
       Held in net/web   |       |     1 |     2 |       |     1 ||     4
       Distracted        |       |       |     2 |       |     1 ||     3
Armor: Leather armour    |    14 |    69 |    39 |       |       ||   122
       Skin              |       |       |    24 |       |       ||    24
       Ring mail         |       |       |    69 |   286 |   420 ||   775
Dodge: Dodged            |    41 |   129 |   136 |   592 |   630 ||  1528
Block: Tower shield      |       |   106 |    13 |       |       ||   119
       Kite shield       |       |       |   173 |   703 |   813 ||  1689

Table legend: (Time is in decaauts)
 A = Elapsed time spent in this place.
 B = Non-inter-level travel time spent in this place.
 C = Inter-level travel time spent in this place.
 D = Time resting spent in this place.
 E = Time spent auto-exploring this place.
 F = Levels seen in this place.
 G = Mean time per level.
                   A        B        C        D        E       F      G
               +--------+--------+--------+--------+--------+-----+--------+
         Total |  29928 |  29118 |    810 |   7011 |  15688 |  21 | 1425.1 |
       Dungeon |  17096 |  16461 |    635 |   4414 |   8815 |  12 | 1424.7 |
          Lair |   8396 |   8222 |    174 |   1759 |   4791 |   6 | 1399.3 |
        Bailey |   1619 |   1619 |      0 |    621 |    359 |   1 | 1619.0 |
       Volcano |   1555 |   1555 |      0 |     51 |   1130 |   1 | 1555.0 |
      Gauntlet |   1261 |   1261 |      0 |    166 |    591 |   1 | 1261.0 |
               +--------+--------+--------+--------+--------+-----+--------+

Top non-repeatable levels by time:
  Lair:5: 2865 daAuts
    D:11: 2667 daAuts
     D:2: 1904 daAuts
  Lair:4: 1863 daAuts
     D:9: 1668 daAuts
     D:8: 1662 daAuts
  Bailey: 1619 daAuts
     D:5: 1596 daAuts
 Volcano: 1555 daAuts
     D:6: 1463 daAuts
  Lair:1: 1382 daAuts
     D:7: 1380 daAuts
     D:1: 1289 daAuts
     D:3: 1262 daAuts
Gauntlet: 1261 daAuts
